 Dungeon Sprint DCSS version 0.29-a0-416-g83a48905f1 (webtiles) character file.

Game seed: 15808281367991304407

1008 Kae the Cleaver (level 8, -5/80 HPs)
             Began as a Palentonga Berserker on May 16, 2022.
             Was an Elder of Trog.
             Hit by a large rock thrown by a cyclops (16 damage)
             ... in the Dungeon (Sprint IX: "|||||||||||||||||||||||||||||").
             The game lasted 00:04:00 (1115 turns).

Kae the Cleaver (Palentonga Berserker)              Turns: 1115, Time: 00:04:01

Health: -5/80      AC: 19    Str: 22    XL:     8   Next: 1%
Magic:  8/8        EV:  6    Int:  7    God:    Trog [****..]
Gold:   0          SH:  0    Dex: 17    Spells: 7/7 levels left

rFire   . . .      SeeInvis +   a - +0 hand axe
rCold   . . .      Faith    .   (no shield)
rNeg    . . .      Spirit   .   m - +0 plate armour
rPois   .          Reflect  .   k - +0 helmet
rElec   .          Harm     .   l - +0 cloak
rCorr   .          Rampage  .   (no gloves)
Will    ++...      NoTele   +   (no barding)
Stlth   ..........              (no amulet)
HPRegen 1.23/turn               n - +3 ring of dexterity
MPRegen 0.11/turn               o - +3 ring of dexterity

@: strong-willed (expiring), on berserk cooldown, regenerating (expiring),
slowed, curled up, very slow
A: large, rugged brown scales 3, see invisible, deformed body, roll 1, armoured
tail, reflexive curl
a: Rolling Charge, Renounce Religion, Berserk, Trog's Hand, Brothers in Arms


You were in the Dungeon.
You worshipped Trog.
Trog was greatly pleased with you.
You visited 1 branch

Inventory:

Hand Weapons
 a - a +0 hand axe (weapon)
Armour
 k - a +0 helmet (worn)
 l - a +0 cloak (worn)
 m - a +0 plate armour (worn)
Jewellery
 n - a +3 ring of dexterity (left hand)
 o - a +3 ring of dexterity (right hand)
Wands
 j - a wand of iceblast (10)
Potions
 c - 5 potions of curing
 d - 2 potions of heal wounds
 e - a potion of haste
 f - 4 potions of magic
 g - a potion of berserk rage
 i - a potion of invisibility


   Skills:
 + Level 11.2 Fighting
 + Level 11.7 Axes
 + Level 5.1 Armour
 + Level 4.8 Dodging
 + Level 0.1 Stealth


You had 7 spell levels left.
You didn't know any spells.
Your spell library was empty.

Dungeon Overview and Level Annotations

Branches:
Dungeon (1/1)

Altars:
Cheibriados
Dithmenos
Elyvilon
Fedhas
Gozag
Hepliaklqana
Kikubaaqudgha
Makhleb
Nemelex Xobeh
Okawaru
Qazlal
Ru
Sif Muna
Trog
Uskayaw
Vehumet
Wu Jian
Xom
Yredelemnul
Zin
The Shining One
Beogh
Jiyva
Lugonu


Innate Abilities, Weirdness & Mutations

You are completely covered in rugged brown scales. (AC +3, +7% HP)
You have supernaturally acute eyesight. (SInv)
Armour fits poorly on your strangely shaped body.
You can roll at nearby foes to attack.
You have a long armoured tail.
You curl defensively after being hit. (AC +7*)


Message History

The boulder beetle bites you.
You hit the boulder beetle but do no damage.
You tail-slap the boulder beetle.
The boulder beetle is moderately wounded.
You hit the boulder beetle but do no damage.
The boulder beetle is moderately wounded.
The boulder beetle bites you!!
You hit the boulder beetle but do no damage.
The boulder beetle is moderately wounded.
You completely miss the boulder beetle.
The boulder beetle is moderately wounded.
The boulder beetle bites you!
* * * LOW HITPOINT WARNING * * *
You hit the boulder beetle but do no damage.
The boulder beetle is moderately wounded.
You feel the effects of Trog's Hand fading.
You hit the boulder beetle but do no damage.
The boulder beetle is moderately wounded.
You hit the boulder beetle. You tail-slap the boulder beetle.
The boulder beetle is moderately wounded.
The boulder beetle leaps!
The cyclops hits you!
* * * LOW HITPOINT WARNING * * *
You feel a strong urge to attack something.
There is an open door, spattered with blood here.
You are no longer berserk.
You are exhausted.
You feel yourself slow down.
The boulder beetle bites you but does no damage.
You hit the boulder beetle but do no damage.
You tail-slap the boulder beetle, but do no damage.
The boulder beetle is moderately wounded.
The boulder beetle bites you.
* * * LOW HITPOINT WARNING * * *
You hit the boulder beetle.
The boulder beetle is moderately wounded.
The boulder beetle bites you.
* * * LOW HITPOINT WARNING * * *
The cyclops throws a large rock.
The large rock hits you!
You die...

▓+▓
▓.▓
▓O▓
▓.▓
▓u▓
▓J▓
▓C▓
▓'▓
▓@▓
▓B▓
▓.▓
▓.▓
▓.▓
▓.▓
▓[▓
▓[▓
▓.▓


You could see a boulder beetle, a purple ugly thing, a slime creature, a
two-headed ogre and a cyclops.

Vanquished Creatures
  A troll (D)
  A wraith (D)
  An acid dragon (D)
  An orc warrior (D)
  A black bear (D)
  2 ogres (D)
  A phantom (D)
  2 howler monkeys (D)
  An orc priest (D)
  2 dart slugs (D)
  A giant cockroach (D)
  2 goblins (D)
  A hobgoblin (D)
17 creatures vanquished.

Notes
Turn   | Place    | Note
-------+----------+-------------------------------------------
     0 | D        | Kae the Palentonga Berserker began the quest for the Orb.
     0 | D        | Reached XP level 1. HP: 19/19 MP: 1/1
    12 | D        | Reached ** piety under Trog
    20 | D        | Reached XP level 2. HP: 13/26 MP: 2/2
   283 | D        | Noticed an ogre
   283 | D        | Noticed a black bear
   283 | D        | Noticed an ogre
   283 | D        | Noticed a phantom
   292 | D        | Killed a phantom
   293 | D        | Reached XP level 3. HP: 36/36 MP: 3/3
   293 | D        | Reached XP level 4. HP: 42/42 MP: 4/4
   295 | D        | Killed an ogre
   295 | D        | Reached *** piety under Trog
   296 | D        | Reached XP level 5. HP: 51/51 MP: 5/5
   300 | D        | Killed a black bear
   305 | D        | Killed an ogre
   306 | D        | Reached XP level 6. HP: 15/60 MP: 6/6
   687 | D        | Found a snail-covered altar of Cheibriados.
   687 | D        | Found a shadowy altar of Dithmenos.
   687 | D        | Found a white marble altar of Elyvilon.
   687 | D        | Found a blossoming altar of Fedhas.
   687 | D        | Found an opulent altar of Gozag.
   688 | D        | Found a hazy altar of Hepliaklqana.
   689 | D        | Found a viscous altar of Jiyva.
   690 | D        | Found an ancient bone altar of Kikubaaqudgha.
   691 | D        | Found a corrupted altar of Lugonu.
   692 | D        | Found a burning altar of Makhleb.
   693 | D        | Found a sparkling altar of Nemelex Xobeh.
   694 | D        | Found an iron altar of Okawaru.
   695 | D        | Found a stormy altar of Qazlal.
   696 | D        | Found a sacrificial altar of Ru.
   697 | D        | Found a shimmering blue altar of Sif Muna.
   698 | D        | Found a bloodstained altar of Trog.
   699 | D        | Found a hide-covered altar of Uskayaw.
   700 | D        | Found a radiant altar of Vehumet.
   701 | D        | Found an ornate altar of the Wu Jian Council.
   702 | D        | Found a shimmering altar of Xom.
   703 | D        | Found a basalt altar of Yredelemnul.
   704 | D        | Found a glowing silver altar of Zin.
   705 | D        | Found a glowing golden altar of the Shining One.
   755 | D        | Noticed an orc warrior
   755 | D        | Noticed a troll
   755 | D        | Noticed a wraith
   761 | D        | Reached **** piety under Trog
   766 | D        | Killed a wraith
   767 | D        | Reached skill level 10 in Fighting
   767 | D        | Reached skill level 10 in Axes
   767 | D        | Gained mutation: You curl defensively after being hit. (AC
                  | +7*) [Palentonga growth]
   767 | D        | Reached XP level 7. HP: 70/70 MP: 7/7
   772 | D        | Killed a troll
  1095 | D        | Noticed a two-headed ogre
  1095 | D        | Noticed a boulder beetle
  1095 | D        | Noticed a purple ugly thing
  1095 | D        | Noticed a slime creature
  1095 | D        | Noticed a cyclops
  1100 | D        | Reached skill level 5 in Armour
  1100 | D        | Reached XP level 8. HP: 80/80 MP: 8/8
  1115 | D        | Hit by a large rock thrown by a cyclops

Illustrated notes

Levels and vault maps discovered:
D:        linesprint [early_d, line_temple, items_1, d_10, items_2, lair_1,
          lair_end, items_3, orc_1, orc_end, items_4, d_15, swamp_1, shoals_1,
          snake_1, spider_1, d_20, vaults_1, items_5, swamp_end, shoals_end,
          snake_end, spider_end, vaults_end, d_27, items_6, zot_1, zot_end,
          crypt_end, forest_end, elf_end, slime_end, tomb_end, abyss_end,
          pan_hell_end]

Skill      XL: |  1  2  3  4  5  6  7 |
---------------+----------------------+-----
Fighting       | 6 7 8 10 11 | 11.2
Axes           | 6 7 9 10 11 | 11.7
Armour         | 2 3 4 5 |  5.1
Dodging        | 2 3 4 |  4.8
Stealth        | |  0.1

Action                   |  1- 3 |  4- 6 |  7- 9 || total
-------------------------+-------+-------+-------++-------
Melee: Hand axe          |    22 |    19 |    34 ||    75
       Tailslap          |     3 |     5 |    10 ||    18
       Punch             |       |     1 |       ||     1
Invok: Berserk           |     1 |     1 |     2 ||     4
       Trog's Hand       |     1 |     1 |     2 ||     4
  Use: Scroll            |       |       |     2 ||     2
       Potion            |       |       |     1 ||     1
Armor: Animal skin       |     2 |       |       ||     2
       Plate armour      |       |     1 |    11 ||    12
Dodge: Dodged            |     7 |     6 |     6 ||    19

Table legend: (Time is in decaauts)
 A = Elapsed time spent in this place.
 B = Non-inter-level travel time spent in this place.
 C = Inter-level travel time spent in this place.
 D = Time resting spent in this place.
 E = Time spent auto-exploring this place.
 F = Levels seen in this place.
 G = Mean time per level.
                   A        B        C        D        E       F      G
               +--------+--------+--------+--------+--------+-----+--------+
         Total |   1131 |   1129 |      2 |    872 |     44 |   1 | 1131.0 |
       Dungeon |   1131 |   1129 |      2 |    872 |     44 |   1 | 1131.0 |
               +--------+--------+--------+--------+--------+-----+--------+

Top non-repeatable levels by time:
       D: 1131 daAuts
